 Dungeon Crawl Stone Soup version 0.24.0-13-gcf9b3192b9 (webtiles) character file.

Game seed: 17877381038325614177, levelgen mode: deterministic

18 Descartes the Scratcher (level 2, -3/12 HPs)
             Began as a Felid Transmuter on Nov 8, 2019.
             Slain by a worm (9 damage)
             ... on level 2 of the Dungeon.
             The game lasted 00:01:21 (504 turns).

Descartes the Scratcher (Felid Transmuter)           Turns: 504, Time: 00:01:21

Health: -3/12      AC:  1    Str:  6    XL:     2   Next: 51%
Magic:  6/6        EV: 18    Int: 14    God:
Gold:   26         SH:  0    Dex: 16    Spells: 4/5 levels left
                                        Lives:  0   Deaths: 0

rFire    . . .     SeeInvis +     - Unarmed
rCold    . . .     Gourm    .   (shield unavailable)
rNeg     . . .     Faith    .   (armour unavailable)
rPois    .         Spirit   .   (helmet unavailable)
rElec    .         Reflect  .   (cloak unavailable)
rCorr    .         Harm     .   (gloves unavailable)
MR       .....                  (boots unavailable)
Stlth    ++........             (no amulet)
HPRegen  0.04/turn              (no ring)
MPRegen  0.10/turn              (no ring)

@: quick
A: very small, no armour, no weapons or thrown items, stealth, claws 1, fangs 3,
see invisible, carnivore, speed 1, shaggy fur 1, slow metabolism 1, sharp paws
a: no special abilities


You were on level 2 of the Dungeon.
You were completely stuffed.

You visited 1 branch of the dungeon, and saw 2 of its levels.

You collected 26 gold pieces.

Inventory:

Missiles
 a - 41 arrows
Jewellery
 g - an uncursed amulet of faith {unknown}
Scrolls
 b - 2 scrolls of identify {unknown}
Potions
 d - a potion of degeneration {unknown}
 e - a potion of mutation {unknown}
Comestibles
 c - 3 rations
 f - a chunk of flesh


   Skills:
 + Level 1.2 Fighting
 + Level 3.0 Dodging
 + Level 0.6 Stealth
 * Level 3.2 Unarmed Combat
 + Level 2.1 Spellcasting
 * Level 2.6 Transmutations


You had 4 spell levels left.
You knew the following spells:

 Your Spells              Type           Power        Failure   Level  Hunger
a - Beastly Appendage     Tmut           #.....       9%          1    ##.....

Your spell library contained the following spells:

 Spells                   Type           Power        Failure   Level  Hunger
 Sticks to Snakes         Tmut           #.......     12%         2    ###....
 Spider Form              Tmut/Pois      #.........   38%         3    ####...
 Ice Form                 Ice/Tmut       #.......     80%         4    #####..
 Blade Hands              Tmut           #.........   92%         5    ######.


Dungeon Overview and Level Annotations

Branches:
Dungeon (2/15)

Altars:
Ashenzari


Innate Abilities, Weirdness & Mutations

You cannot wear armour.
You are incapable of wielding weapons or throwing items.
Your paws allow you to move quietly. (Stealth)
You have sharp claws.
You have razor-sharp teeth.
You have supernaturally acute eyesight. (SInv)
You are carnivorous and can eat meat at any time.
You cover ground quickly.
You are covered in fur. (AC +1)
You have a slow metabolism.
Your sharp claws are effective at attacking unaware monsters.


Message History

You pounce on the unaware helpless worm!
You claw the worm!
The worm is heavily wounded.
The worm bites you.
Ouch! That really hurt!
You are too injured to fight recklessly!
You are too injured to fight recklessly!
You are too injured to fight recklessly!
You scratch the worm.
The worm is heavily wounded.
You scratch the worm.
The worm is severely wounded.
The worm closely misses you.
You scratch the worm.
The worm is almost dead.
You barely miss the worm.
The worm is almost dead.
The worm bites you!
Ouch! That really hurt!
You die...

#. #.# .### #.# ##+## ..# #.#
##...## #.# #.# ##.....##
####.## #.# #
#.......######.#.#.## #.##.#.##
.........##.....###.###<......#
.........'.....##w##..........(
.........##...##@# ##.####....#
#.......###..##.#.# ### #.##
##.....## #.##.#.#.# # ##...##
###.#.###.# ##'## ##.#.## #.#
#.# ##.#.## #.# #.# ##.#.## #.#
##.####.#.## #. ..#...##.#.##


You could see a worm.

Vanquished Creatures
  An ooze (D:1)
  2 giant cockroaches (D:1)
  2 goblins (D:1)
  A hobgoblin (D:1)
  A kobold (D:1)
  2 bats (D:1)
  2 frilled lizards (D:1)
  3 rats (D:1)
14 creatures vanquished.

Notes
Turn   | Place    | Note
-------+----------+-------------------------------------------
     0 | D:1      | Descartes the Felid Transmuter began the quest for the Orb.
     0 | D:1      | Reached XP level 1. HP: 9/9 MP: 4/4
    95 | D:1      | Reached XP level 2. HP: 12/12 MP: 6/6
   337 | D:1      | Found a shattered altar of Ashenzari.
   504 | D:2      | Slain by a worm

Levels and vault maps discovered:
D:1:      minmay_arrival_wavy_path, layout_rooms, evilmike_ruin_ashenzari
D:2:      minmay_inner_zag, layout_loops_corners, tso_metal_star,
          nicolae_overflow_crystal_walls, lemuel_doored_altar,
          nicolae_overflow_hidden_temple, st_stairs_13

Skill      XL: |  1  2 |
---------------+-------+-----
Dodging        | 3 |  3.0
Fighting       | |  1.2
Stealth        | |  0.6
Unarmed Combat | |  3.2
Spellcasting   | |  2.1
Transmutations | |  2.6

Action                   || total
-------------------------++-------
Melee: Unarmed           ||    38
 Stab: Sleeping          ||     5
  Eat: Chunk             ||     6
Dodge: Dodged            ||    23
